 Dungeon Crawl Stone Soup version 0.31-a0-949-g57150269e1 (webtiles) character file.

Game seed: 16497474603992290594

46 pokeman the Magician (level 3, 0/20 HPs)
             Began as a Deep Elf Hedge Wizard on Oct 22, 2023.
             Succumbed to a scorpion's poison
             ... on level 3 of the Dungeon.
             The game lasted 00:01:48 (1836 turns).

pokeman the Magician (Deep Elf Hedge Wizard)        Turns: 1836, Time: 00:01:49

Health: 0/20       AC:  6    Str:  7    XL:     3   Next: 44%
Magic:  4/11       EV: 12    Int: 20    God:
Gold:   47         SH:  0    Dex: 14    Spells: 4/12 levels left

rFire   . . .        a - +0 dagger
rCold   . . .        (no shield)
rNeg    . . .        b - +0 robe
rPois   .            c - +0 hat
rElec   .            (no cloak)
rCorr   .            (no gloves)
SInv    .            (no boots)
Will    .....        (no amulet)
Stlth   ++           f - +4 ring of protection
HPRegen 0.23/turn    (no ring)
MPRegen 0.12/turn

%: no passive effects
@: lethally poisoned (0 -> -1), on berserk cooldown, slowed, very slow
A: no striking features
a: no special abilities


You were on level 3 of the Dungeon.
You visited 1 branch of the dungeon, and saw 3 of its levels.

You collected 47 gold pieces.

Inventory:

Hand Weapons
 a - a +0 dagger (weapon)
Armour
 b - a +0 robe (worn)
 c - a +0 hat (worn)
Jewellery
 f - a +4 ring of protection (left hand)
 i - a ring of fire
Wands
 l - a wand of flame (30)
Scrolls
 e - 3 scrolls of identify {unknown}
 g - a scroll of teleportation {unknown}
 j - a scroll of amnesia {unknown}
 k - a scroll of fear {unknown}
Potions
 d - a potion of magic


   Skills:
 + Level 0.9 Fighting
 + Level 0.8 Armour
 - Level 2.4 Dodging
 - Level 2.4 Stealth
 * Level 5.3 Spellcasting
 + Level 1.9 Conjurations
 - Level 1.1 Summonings
 - Level 1.1 Translocations


You had 4 spell levels left.
You knew the following spells:

 Your Spells              Type           Power      Damage    Failure   Level
a - Magic Dart            Conj           48%        1d5       5%          1
b - Mephitic Cloud        Conj/Pois/Air  7%         N/A       26%         3
c - Call Imp              Summ           18%        N/A       11%         2
d - Blink                 Tloc           18%        N/A       11%         2

Your spell library contained the following spells:

 Spells                   Type           Power      Damage    Failure   Level
 Apportation              Tloc           18%        N/A       7%          1
 Slow                     Hex            20%        N/A       12%         1
 Cigotuvi's Dreadful Rot  Necr/Pois/Air  10%        N/A       17%         2
 Jinxbite                 Hex            10%        N/A       17%         2
 Alistair's Intoxication  Tmut/Pois      3%         N/A       97%         5


Dungeon Overview and Level Annotations

Branches:
Dungeon (3/15)

Altars:


Message History

You hit the scorpion.
The scorpion is lightly wounded.
The scorpion misses you.
Casting: Mephitic Cloud (extremely dangerous; 26% risk of failure)
Confirm with . or Enter, or press ? or * to list all spells.
A tiny devil pulls itself out of the air.
The scorpion closely misses you.
The scorpion stings itself.
You hit the scorpion.
The scorpion is moderately wounded.
You hit the scorpion.
The scorpion is heavily wounded.
The scorpion stings you.
Your cerulean imp hits the scorpion but does no damage.
The scorpion stings you.
You are lethally poisoned!
The scorpion poisons you!
You swap places.
You feel very sick.
Your cerulean imp hits the scorpion but does no damage.
* * * LOW HITPOINT WARNING * * *
You feel sick.
Your cerulean imp hits the scorpion but does no damage.
It was a potion of berserk rage.
A red film seems to cover your vision as you go berserk!
You feel yourself moving faster!
You feel mighty!
* * * LOW HITPOINT WARNING * * *
You feel sick. The scorpion stings your cerulean imp.
Your cerulean imp hits the scorpion with a -4 spear.
You feel a strong urge to attack something.
You feel sick. The scorpion stings your cerulean imp.
Your cerulean imp hits the scorpion but does no damage.
You feel sick.
You feel your anger nearly subside.
You are no longer berserk.
You are exhausted.
You feel yourself slow down.
* * * LOW HITPOINT WARNING * * *
You feel sick.
* * * LOW HITPOINT WARNING * * *
You feel sick.
You die...

#######
#.....#
##.###.#
#....#.#
#.<#.#.#
##.#.#.#
#.#.#.#
#.#...#
#@##### #.#
#5# #.#
##.##########
#....5.s.....
#############


You could see a friendly cerulean imp (summoned).

Vanquished Creatures
  2 adders (D:2)
  2 dart slugs (D:2)
  A bat (D:1)
  2 endoplasms
  A giant cockroach (D:2)
  2 goblins
  4 jackals (D:2)
  3 ball pythons
  2 frilled lizards (D:2)
  4 rats
23 creatures vanquished.

Notes
Turn   | Place    | Note
-------+----------+-------------------------------------------
     0 | D:1      | pokeman the Deep Elf Hedge Wizard began the quest for the
                  | Orb.
     0 | D:1      | Reached XP level 1. HP: 10/10 MP: 7/7
   787 | D:2      | Reached XP level 2. HP: 16/16 MP: 6/9
  1171 | D:2      | Reached skill level 5 in Spellcasting
  1278 | D:2      | Reached XP level 3. HP: 20/20 MP: 5/11
  1300 | D:2      | Learned a level 3 spell: Mephitic Cloud
  1303 | D:2      | Learned a level 2 spell: Call Imp
  1306 | D:2      | Learned a level 2 spell: Blink
  1814 | D:3      | Noticed a scorpion
  1835 | D:3      | HP: 1/20 [poisoned by a scorpion]
  1836 | D:3      | Succumbed to a scorpion's poison

Illustrated notes

Levels and vault maps discovered:
D:1:      amcnicky_arrival_choice, layout_basic, chequers_serial_rivers_small_a
D:2:      layout_basic
D:3:      layout_basic, mainiacjoe_overflow_tiny_flanked

Skill      XL: |  1  2 |
---------------+-------+-----
Spellcasting   | 5 |  5.3
Fighting       | |  0.9
Armour         | |  0.8
Dodging        | |  2.4
Stealth        | |  2.4
Conjurations   | |  1.9
Summonings     | |  1.1
Translocations | |  1.1

Action                     || total
---------------------------++-------
  Melee: Dagger            ||    20
   Cast: Magic Dart        ||    76
         Mephitic Cloud    ||     1
         Call Imp          ||     1
    Use: Potion            ||     1
 Armour: Robe              ||    25
  Dodge: Dodged            ||    32

Table legend: (Time is in decaauts)
 A = Elapsed time spent in this place.
 B = Non-inter-level travel time spent in this place.
 C = Inter-level travel time spent in this place.
 D = Time resting spent in this place.
 E = Time spent auto-exploring this place.
 F = Levels seen in this place.
 G = Mean time per level.
                   A        B        C        D        E       F      G
               +--------+--------+--------+--------+--------+-----+--------+
         Total |   1842 |   1822 |     20 |      0 |   1649 |   3 |  614.0 |
       Dungeon |   1842 |   1822 |     20 |      0 |   1649 |   3 |  614.0 |
               +--------+--------+--------+--------+--------+-----+--------+

Top non-repeatable levels by time:
     D:2: 1039 daAuts
     D:1: 758 daAuts
     D:3: 43 daAuts
